 Dungeon Crawl Stone Soup version 0.14.2 (webtiles) character file.

7568 Amnesiac the Prestidigitator (level 10, -8/51 HPs)
             Began as a Spriggan Artificer on Feb 9, 2018.
             Was a High Priest of Nemelex Xobeh.
             Killed themself with a badly aimed orb of electricity (59 damage)
             ... on Level 9 of the Dungeon.
             The game lasted 00:40:29 (13403 turns).

Amnesiac the Prestidigitator (Spriggan Artificer)  Turns: 13403, Time: 00:40:30

HP  -8/51        AC  7     Str  8      XL: 10   Next: 83%
MP   0/29        EV 32     Int 13      God: Nemelex Xobeh [*****.]
Gold 513         SH  0     Dex 20      Spells:  0 memorised,  9 levels left

rFire  + . .     SeeInvis +     g - legendary deck of destruction {drawn: 7}
rCold  + . .     Clarity  .     u - +2 robe {rC+ rF+}
rNeg   . . .     Conserve .     (shield restricted)
rPois  .         rCorr    .     o - +2 hat
rElec  .         rRot     .     k - +0 cloak
SustAb . .       Spirit   +     (gloves unavailable)
rMut   .         Warding  .     (boots unavailable)
Saprov . . .     Stasis   .     D - amulet of guardian spirit
MR     +....                    y - +5,+5 ring of slaying
                                w - ring of wizardry

@: very quick, somewhat resistant to hostile enchantments, fairly stealthy
A: unfitting armour, see invisible, herbivore 3, speed 3, slow metabolism 2
a: Draw One, Peek at Two, Triple Draw, Deal Four, Stack Five, Renounce Religion


You were on level 9 of the Dungeon.
You worshipped Nemelex Xobeh.
Nemelex Xobeh was extremely pleased with you.
You were full.

You visited 3 branches of the dungeon, and saw 11 of its levels.

You collected 513 gold pieces.

Inventory:

Hand weapons
 a - a +0,+3 sling of flame
 b - a +2 blowgun
Missiles
 m - 17 sling bullets
 B - 72 poisoned needles
Armour
 k - a +0 cloak (worn)
 o - a +2 hat (worn)
 u - a +2 robe of resistance (worn)
Magical devices
 c - a wand of enslavement (24)
 d - a wand of hasting (2)
 n - a wand of teleportation (6)
 t - a wand of digging (8)
Comestibles
 f - 2 bread rations
 l - a pear
Scrolls
 e - 3 scrolls of remove curse {!r}
 r - 4 scrolls of fear {!r}
 x - a scroll of teleportation {!r}
 K - a scroll of enchant armour {!r}
Jewellery
 p - an uncursed ring of protection from cold
 s - an uncursed ring of protection from fire
 w - a ring of wizardry (left hand)
 y - a +5,+5 ring of slaying (right hand)
 D - an amulet of guardian spirit (around neck)
Potions
 h - 7 potions of curing {!q}
 j - 3 potions of heal wounds {!q}
 q - a potion of invisibility {!q}
Miscellaneous
 g - a legendary deck of destruction {drawn: 7} (in hand)
 i - an ornate deck of wonders {drawn: 1}
 z - an ornate deck of escape {drawn: 1}


   Skills:
 + Level 5.3 Fighting
   Level 1.1 Short Blades
 - Level 5.0 Slings
 - Level 5.0 Throwing
 * Level 14.1 Dodging
 - Level 1.5 Stealth
 * Level 14.2 Evocations


You had 9 spell levels left.
You didn't know any spells.

Dungeon Overview and Level Annotations

Branches:
Dungeon (9/15)             Temple (1/1) D:6            Lair (1/8) D:8
    Orc: D:9-12

Altars:
Ashenzari
Cheibriados
Dithmenos
Fedhas
Kikubaaqudgha
Makhleb
Nemelex Xobeh
Okawaru
Sif Muna
Xom
Yredelemnul

Shops:
D:6 :


Innate Abilities, Weirdness & Mutations

You are tiny and cannot use many weapons and most armour.
You have supernaturally acute eyesight.
You are a herbivore.
You cover ground extremely quickly.
You need consume almost no food.


Message History

Firing (i - inventory):
m - 17 sling bullets (quivered)
Press: ? - help, Shift-Dir - straight line, f/p - jelly
Aim: a jelly (almost dead)
You shoot a sling bullet of flame.
The sling bullet of flame hits the jelly.
You kill the jelly!
m - 17 sling bullets (gained 1)
You see here a rat corpse.
You offer a prayer to Nemelex Xobeh.
The rat corpse glows slightly and disappears.
Nemelex Xobeh is extremely pleased with you.
l - a pear A crimson imp comes into view.
A crimson imp is nearby!
A crimson imp is nearby!
Firing (i - inventory):
m - 17 sling bullets (quivered)
Press: ? - help, Shift-Dir - straight line, f - crimson imp
Aim: a crimson imp (resting)
You shoot a sling bullet of flame.
The sling bullet of flame hits the crimson imp.
The crimson imp completely resists.
The crimson imp shouts!
Firing (i - inventory):
m - 16 sling bullets (quivered)
Press: ? - help, Shift-Dir - straight line, f/p - crimson imp
Aim: a crimson imp You shoot a sling bullet of flame.
The sling bullet of flame hits the crimson imp.
The crimson imp appears unharmed.
Unknown command.
Evoke which item? (* to show all) (? for menu, Esc to quit)
Zapping:
d - a crooked lead wand
Press: ? - help, Shift-Dir - straight line, f/p - crimson imp
Aim: a crimson imp The crimson imp seems to speed up.
d - a wand of hasting {zapped: 1} Your skill with magical items lets you calculate the power of this device...
This wand has 2 charges left.
The crimson imp blinks!
Found 11 gold pieces.
The crimson imp blinks!
You see here a potion of invisibility {!q}.
q - a potion of invisibility {!q} The crimson imp completely misses you.
You see here a sling bullet.
m - 16 sling bullets (gained 1)
The crimson imp completely misses you.
The crimson imp blinks!
The crimson imp breathes smoke at you.
You see here a sling bullet.
m - 17 sling bullets (gained 1)
You see here 11 gold pieces.
You now have 513 gold pieces (gained 11).
Evoke which item? (* to show all) (? for menu, Esc to quit)
Okay, then.
Wield which item (- for none, * to show all)? (? for menu, Esc to quit)
g - a legendary deck of destruction {drawn: 6} (in hand)
You draw a card...
It is the Spark.
You have drawn the Spark.
Press: ? - help, Shift-Dir - straight line, p - crimson imp The orb of electricity explodes!
The orb of electricity engulfs the crimson imp.
You kill the crimson imp!
The orb of electricity engulfs you!
Ouch! That really hurt!
You die...
Your body glows with a rainbow of weird colours and disappears.

#.##....##.##.......#
##.##..........#.###.#
#...#.......##...# #.#
#.#.....###.###### #.#
#...##......# #.#
##.########## #.### #.#
#...# #.# ####### ###.#
#.# #.@...# #.# #.#
#.....# #.# ####.###
#.....# #.# #......#
#.....# #.#
#.##.#.#####.....# #.#
#.##.#..........## #.#
#.##...######...## #.#
#.####>###.......# #.#
***#.#......#.#####.#####
#.#


There were no monsters in sight!

Vanquished Creatures
  The ghost of Grimoiregrey the Basher, an experienced MiFi of Okawaru (D:9)
  Maurice (D:8)
  2 komodo dragons
  A hydra zombie (D:9)
  Prince Ribbit (D:8)
  A two-headed ogre (D:8)
  A wyvern (D:9)
  The ghost of Amnesiac the Vandal, an average SpAr (D:4)
  2 hippogriffs
  A necrophage (D:5)
  6 wolves (Lair:1)
  4 water moccasins
  2 orc warriors
  2 centaurs
  A sky beast (D:6)
  2 phantoms (D:5)
  3 ogres
  Sigmund (D:4)
  4 giant frogs
  A scorpion (D:4)
  A jelly (D:9)
  4 killer bees (D:8)
  4 wights (D:7)
  5 crimson imps
  An elf zombie (D:9)
  2 hounds
  2 iguanas
  2 orc priests
  2 orc wizards (D:4)
  4 worker ants
  An ogre zombie (D:5)
  A hound zombie (D:9)
  A hound skeleton (D:5)
  8 adders
  4 gnolls
  A worm zombie (D:8)
  10 green rats (Lair:1)
  A giant mite (D:6)
  4 worms
  An orc zombie (D:6)
  An adder skeleton (D:4)
  An iguana skeleton (D:7)
  3 giant eyeballs
  6 giant geckos
  An ooze (D:3)
  14 orcs
  A bat skeleton (D:5)
  2 giant cockroaches (D:4)
  16 goblins
  16 hobgoblins
  3 quokkas
  A ball python (D:4)
  19 bats
  2 giant newts
  18 jackals
  15 kobolds
  A kobold skeleton (D:5)
  22 rats
239 creatures vanquished.

Vanquished Creatures (collateral kills)
  Gastronok (Lair:1)
  3 yaks (D:9)
  A crocodile (Lair:1)
  An orange rat (D:7)
  A giant frog skeleton (D:9)
  4 green rats (D:7)
  An adder (Lair:1)
  A giant eyeball (D:9)
  9 rats (D:7)
  A plant (D:8)
23 creatures vanquished.

Vanquished Creatures (others)
  2 dancing weapons
  A vapour (D:9)
  A yak (D:8)
  2 ugly things
  A hound skeleton (D:7)
  An orc skeleton (D:8)
  A plant (D:8)
9 creatures vanquished.

Grand Total: 271 creatures vanquished

Notes
Turn   | Place    | Note
--------------------------------------------------------------
     0 | D:1      | Amnesiac, the Spriggan Artificer, began the quest for the Orb.
     0 | D:1      | Reached XP level 1. HP: 9/9 MP: 2/2
    51 | D:1      | Reached skill level 1 in Fighting
   365 | D:1      | Reached XP level 2. HP: 12/14 MP: 5/5
   488 | D:1      | Reached skill level 5 in Evocations
   603 | D:1      | Reached XP level 3. HP: 10/18 MP: 8/8
  1996 | D:3      | Reached skill level 6 in Evocations
  2036 | D:3      | Reached XP level 4. HP: 22/22 MP: 12/12
  2715 | D:3      | Reached skill level 7 in Evocations
  2889 | D:4      | Noticed Sigmund
  2936 | D:3      | Reached XP level 5. HP: 17/25 MP: 15/15
  3076 | D:4      | Killed Sigmund
  3423 | D:4      | Reached XP level 6. HP: 30/30 MP: 18/18
  3440 | D:4      | Reached skill level 1 in Slings
  3464 | D:4      | Noticed Amnesiac's ghost (average SpAr)
  3467 | D:4      | Killed Amnesiac's ghost
  3801 | D:4      | Reached XP level 7. HP: 33/33 MP: 20/20
  4234 | D:5      | Entered Level 5 of the Dungeon
  4249 | D:5      | Reached skill level 5 in Slings
  4249 | D:5      | Reached skill level 1 in Throwing
  4539 | D:5      | Reached skill level 5 in Throwing
  4984 | D:5      | Reached skill level 8 in Dodging
  4984 | D:5      | Reached XP level 8. HP: 37/37 MP: 20/22
  5823 | D:6      | Reached skill level 9 in Dodging
  5955 | D:6      | Found a staircase to the Ecumenical Temple.
  6007 | Temple   | Entered the Ecumenical Temple
  6033 | Temple   | Became a worshipper of Nemelex Xobeh the Trickster
  6173 | D:6      | Found Veppul's Book Emporium.
  6683 | D:2      | Received a gift from Nemelex Xobeh
  7570 | D:6      | Acquired Nemelex Xobeh's first power
  7570 | D:6      | Received a gift from Nemelex Xobeh
  8154 | D:3      | Acquired Nemelex Xobeh's second power
  8943 | D:7      | Reached skill level 10 in Dodging
  8943 | D:7      | Reached skill level 10 in Evocations
  9357 | D:7      | Acquired Nemelex Xobeh's third power
  9398 | D:7      | Received a gift from Nemelex Xobeh
  9412 | D:7      | Reached XP level 9. HP: 43/43 MP: 25/25
  9924 | D:7      | Received a gift from Nemelex Xobeh
 10182 | D:8      | Noticed Prince Ribbit
 10184 | D:8      | Acquired Nemelex Xobeh's fourth power
 10208 | D:8      | Killed Prince Ribbit
 10265 | D:8      | Received a gift from Nemelex Xobeh
 10307 | D:8      | Reached skill level 11 in Evocations
 10513 | D:8      | Noticed Maurice
 10516 | D:8      | Killed Maurice
 10626 | D:8      | Found a staircase to the Lair.
 10995 | D:8      | Reached skill level 12 in Evocations
 11286 | Lair:1   | Entered Level 1 of the Lair of Beasts
 11290 | Lair:1   | Noticed Gastronok
 11307 | Lair:1   | Killed Gastronok
 11307 | Lair:1   | Reached XP level 10. HP: 49/51 MP: 28/28
 11746 | Lair:1   | Received a gift from Nemelex Xobeh
 12106 | Lair:1   | Acquired Nemelex Xobeh's fifth power
 12232 | Lair:1   | Reached skill level 13 in Evocations
 12682 | D:9      | Reached skill level 5 in Fighting
 12694 | D:9      | Paralysed by a giant eyeball for 4 turns
 12720 | D:9      | Paralysed by a giant eyeball for 2 turns
 12881 | D:9      | Noticed Grimoiregrey's ghost (experienced MiFi)
 12889 | D:9      | Received a gift from Nemelex Xobeh
 12898 | D:9      | Killed Grimoiregrey's ghost
 13189 | D:9      | Reached skill level 14 in Evocations
 13403 | D:9      | Killed themself with a badly aimed orb of electricity

Action                   |  1- 3 |  4- 6 |  7- 9 | 10-12 || total
-------------------------+-------+-------+-------+-------++-------
Melee: Short sword       |    78 |     1 |       |       ||    79
       Unarmed           |       |     2 |    21 |       ||    23
       Dagger            |       |       |     2 |       ||     2
 Fire: Sling             |    75 |   150 |   412 |   183 ||   820
       Blowgun           |       |       |     4 |       ||     4
Throw: Dart              |     3 |       |       |       ||     3
Evoke: Wand              |     3 |     5 |    19 |     4 ||    31
       Deck              |       |       |    24 |    18 ||    42
  Use: Potion            |       |       |     3 |       ||     3
       Scroll            |       |       |    17 |     5 ||    22
